 Dungeon Crawl Stone Soup version 0.15.0-29-ga8e3430 (webtiles) character file.

92 Kold the Ducker (level 4, -2/22 HPs)
             Began as a Felid Chaos Knight on Sept 12, 2014.
             Was a Plaything of Xom.
             Slain by vatarom's ghost (6 damage)
             ... in a sewer.
             The game lasted 00:07:40 (3338 turns).

Kold the Ducker (Felid Chaos Knight)                Turns: 3338, Time: 00:07:40

HP  -2/22        AC  1     Str  8      XL: 4   Next: 35%
MP   7/7         EV 26     Int 18      God: Xom
Gold 72          SH  0     Dex 21      Spells:  0 memorised,  3 levels left
Lives: 0, deaths: 1

rFire  . . .     SeeInvis +       - Unarmed
rCold  . . .     Clarity  .     (armour unavailable)
rNeg   . . .     rCorr    .     (shield unavailable)
rPois  .         rRot     .     (helmet unavailable)
rElec  .         Spirit   .     (cloak unavailable)
SustAb .         Warding  .     (gloves unavailable)
rMut   .         Stasis   .     (boots unavailable)
Gourm  .                        (no amulet)
MR     .....                    (no ring)
                                (no ring)

@: brilliant, agile, quick, not resistant to hostile enchantments, quite
stealthy
A: paw claws, no armour, no weapons or thrown items, fangs 3, see invisible,
carnivore 3, speed 1, shaggy fur 1, slow metabolism 1, jump 1
a: Jump Attack, Renounce Religion


You were in a sewer.
You worshipped Xom.
You were a special plaything of Xom.
You were not hungry.

You visited 1 branch of the dungeon, and saw 3 of its levels.
You also visited: Sewer.

You collected 72 gold pieces.

Inventory:

Comestibles
 c - a meat ration
Scrolls
 d - a scroll of blinking
Potions
 e - 2 potions of brilliance


   Skills:
 + Level 4.2 Fighting
 + Level 4.7 Dodging
 - Level 4.0 Stealth
 - Level 3.0 Unarmed Combat


You had 3 spell levels left.
You didn't know any spells.

Dungeon Overview and Level Annotations

Branches:
Dungeon (3/15)

Altars:
Makhleb
Vehumet
Zin

Annotations:
Sewer vatarom's ghost, average DrTm


Innate Abilities, Weirdness & Mutations

You cannot wear armour.
You are incapable of wielding weapons or throwing items.
Your paws have sharp claws.
You have razor-sharp teeth.
You have supernaturally acute eyesight.
You are carnivorous and can eat meat at any time.
You cover ground quickly.
You are covered in fur (AC +1).
You have a slow metabolism.
You can jump attack at a short distance.


Message History

Your eyebrows briefly feel incredibly bushy.
You are now a special plaything of Xom.
Vatarom's ghost misses you.
Use which ability? (? or * to list)
Aiming: Jump Attack
Press: ? - help, Dir - move target cursor, f/p - vatarom's ghost
Aim: vatarom's ghost (severely damaged)
A flying creature is in the way.
Okay, then.
You miss vatarom's ghost.
Vatarom's ghost is severely damaged.
Vatarom's ghost hits you.
* * * LOW HITPOINT WARNING * * *
You scratch vatarom's ghost.
Vatarom's ghost is severely damaged.
Vatarom's ghost misses you.
You scratch vatarom's ghost.
Vatarom's ghost is almost destroyed.
Vatarom's ghost hits you.
You die...

#≈≈.# ≈ #≈..# ≈ #≈≈.#
≈≈ #≈≈.# ≈ #≈≈.#
#################.#####
#≈≈≈≈≈≈≈≈≈≈≈≈≈≈#≈..#≈≈≈
#≈≈.≈≈≈≈≈≈≈≈≈≈%.≈≈.≈≈≈≈
#.....@W(.(...)#..≈#≈≈≈
###.###################
##...## #.....# #..∩..#
#..∩..# ##...## #####


You could see vatarom's ghost.

Vanquished Creatures
  An adder (Sewer)
  A worm (D:2)
  2 giant mites
  An ufetubus (Sewer)
  2 oozes
  5 bats
  A bat zombie (Sewer)
  3 giant cockroaches
  4 hobgoblins (D:1)
  6 jackals (D:1)
  A ball python (D:1)
  A giant gecko (D:3)
  3 giant newts
  7 goblins
  12 kobolds
  2 kobold zombies (Sewer)
  5 rats
57 creatures vanquished.

Vanquished Creatures (collateral kills)
  2 gnolls (D:2)
  A rat (D:2)
3 creatures vanquished.

Vanquished Creatures (others)
  Sigmund (D:2)
  A goblin (D:2)
2 creatures vanquished.

Grand Total: 62 creatures vanquished

Notes
Turn   | Place    | Note
--------------------------------------------------------------
     0 | D:1      | Kold, the Felid Chaos Knight, began the quest for the Orb.
     0 | D:1      | Reached XP level 1. HP: 10/10 MP: 2/2
    45 | D:1      | XOM: potion effect (berserk rage)
    47 | D:1      | Reached skill level 1 in Stealth
    51 | D:1      | XOM: divination: magic mapping
   186 | D:1      | Reached XP level 2. HP: 7/14 MP: 3/3
  1065 | D:1      | XOM is BORED!
  1065 | D:1      | XOM: harmless Pois miscast
  1241 | D:1      | Reached skill level 4 in Stealth
  1241 | D:1      | Reached XP level 3. HP: 13/17 MP: 5/5
  1353 | D:1      | XOM: divination: detect creatures
  1605 | D:1      | XOM: mild Ice miscast
  1737 | D:2      | Noticed Sigmund
  1743 | D:2      | XOM: divination: detect items
  1746 | D:2      | XOM: silly message
  1750 | D:2      | Killed Sigmund
  1750 | D:2      | Reached XP level 4. HP: 2/21 MP: 7/7
  1750 | D:2      | XOM: divine lightning (protected)
  1811 | D:1      | XOM: vitrification
  1934 | D:1      | XOM: silly message
  2027 | D:1      | XOM: god gift: curved jewelled rod {god gift}
  2546 | D:3      | XOM: fake destruction
  2557 | D:3      | HP: 1/22 [worm (7)]
  2583 | D:3      | Slain by an orc
  2584 | D:3      | Reached XP level 3. HP: -5/18 MP: 5/5
  2678 | D:3      | Found a burning altar of Makhleb.
  2679 | D:3      | Found a radiant altar of Vehumet.
  2679 | D:3      | Found a glowing silver altar of Zin.
  2706 | D:3      | Found a glowing drain.
  2852 | Sewer    | Entered a sewer
  2856 | Sewer    | Reached XP level 4. HP: 15/22 MP: 7/7
  3252 | Sewer    | XOM: silly message
  3289 | Sewer    | Noticed vatarom's ghost (average DrTm)
  3329 | Sewer    | XOM: potion effect (agility)
  3335 | Sewer    | XOM: silly message
  3338 | Sewer    | Slain by vatarom's ghost

Action                   |  1- 3 |  4- 6 || total
-------------------------+-------+-------++-------
Melee: Unarmed           |   117 |   107 ||   224
 Abil: Jump Attack       |     1 |     1 ||     2
  Use: Potion            |     2 |     3 ||     5
       Scroll            |       |     2 ||     2
 Stab: Sleeping          |     8 |     1 ||     9
       Distracted        |       |     2 ||     2
  Eat: Chunk             |     9 |     2 ||    11
